 Dungeon Crawl Stone Soup version 0.31-a0-833-gc15d34cb79 (console) character file.

Game seed: 8355079450921164973

111191 questionabletactics the Deadly Accurate (level 16, 0/167 HPs)
             Began as an Ogre Gladiator on Sept 25, 2023.
             Was a High Priest of Okawaru.
             Drowned by a water elemental (8 damage)
             ... led by a merfolk aquamancer
             ... on level 1 of the Shoals on Sept 26, 2023.
             The game lasted 01:38:46 (30369 turns).

questionabletactics the Deadly Accurate (OgGl)     Turns: 30369, Time: 01:38:47

Health: 0/167      AC: 23    Str: 24    XL:     16   Next: 57%
Magic:  22/22      EV: 17    Int: 12    God:    Okawaru [*****.]
Gold:   789        SH: 12    Dex: 14    Spells: 15/15 levels left

rFire   + . .        b - +3 trident (venom)
rCold   + . .        X - +0 kite shield
rNeg    + . .        h - +2 storm dragon scales
rPois   .            t - +2 hat
rElec   +            T - +0 cloak
rCorr   .            (gloves unavailable)
SInv    .            (boots unavailable)
Will    +....        M - amulet of regeneration Stlth
                     O - ring of Dutheudgh {rF+ rC+ rN+ Int+3 Slay+3}
HPRegen 1.27/turn    s - +5 ring of evasion
MPRegen 0.18/turn

%: no passive effects
@: heroic, engulfed (cannot breathe), mesmerised, studying Throwing
A: large, unfitting armour, tough skin 1
a: Renounce Religion, Heroism, Finesse, Duel


You were on level 1 of the Shoals.
You worshipped Okawaru.
Okawaru was extremely pleased with you.
You visited 5 branches of the dungeon, and saw 24 of its levels.
You also visited: Gauntlet and Volcano.

You collected 2468 gold pieces.
You spent 1679 gold pieces at shops.

Inventory:

Hand Weapons
 a - a +3 vampiric spear
 b - a +3 trident of venom (weapon)
 S - a +2 heavy glaive
Missiles
 d - a throwing net
 i - 20 poisoned darts
 w - 5 boomerangs
 x - a datura-tipped dart
 y - 174 stones
 B - 2 atropa-tipped darts
 D - 6 curare-tipped darts
 E - 10 silver javelins
 F - 11 large rocks (quivered)
 Z - 3 javelins
Armour
 h - +2 storm dragon scales (worn)
 t - a +2 hat (worn)
 T - a +0 cloak (worn)
 X - a +0 kite shield (worn)
 Y - a +0 tower shield
Jewellery
 k - a +4 ring of slaying
 s - a +5 ring of evasion (right hand)
 A - the ring "Zoafanty" {Wiz rF+}
   (You found it on level 5 of the Lair of Beasts)

   [ring of wizardry]

   Wiz:       It improves your spell success rate.
   rF+:       It protects you from fire.
 I - an amulet of reflection
 M - an amulet of regeneration (around neck)
 O - the ring of Dutheudgh (left hand) {rF+ rC+ rN+ Int+3 Slay+3}
   (You found it in a Gauntlet)

   [ring of protection from cold]

   Int+3:     It affects your intelligence (+3).
   Slay+3:    It affects your accuracy & damage with ranged weapons and melee
   (+3).
   rF+:       It protects you from fire.
   rC+:       It protects you from cold.
   rN+:       It protects you from negative energy.
 U - the amulet of Abel {Acrobat rF+}
   (You bought it in a shop on level 6 of the Dungeon)

   [amulet of the acrobat]

   Acrobat:   It increases your evasion while moving and waiting.
   rF+:       It protects you from fire.
Wands
 c - a wand of paralysis (17)
 v - a wand of flame (18)
 G - a wand of mindburst (6)
 P - a wand of polymorph (6)
 Q - a wand of roots (8)
 R - a wand of acid (3)
Scrolls
 e - 4 scrolls of identify
 j - 2 scrolls of brand weapon
 l - 16 scrolls of teleportation
 m - 2 scrolls of enchant armour
 n - 7 scrolls of fog
 p - 7 scrolls of vulnerability
 J - 2 scrolls of revelation
 L - 2 scrolls of blinking
 W - a scroll of fear
Potions
 g - 4 potions of curing
 q - 2 potions of invisibility
 r - 2 potions of ambrosia
 z - a potion of cancellation
 H - 4 potions of mutation
 K - 3 potions of lignification
 N - 3 potions of haste
 V - 4 potions of resistance
Miscellaneous
 u - a phial of floods


   Skills:
 - Level 12.5(17.5) Fighting
 - Level 12.8(17.8) Polearms
 + Level 16.2(21.2) Throwing
 - Level 10.7(15.7) Armour
 - Level 10.0(15.0) Dodging
 - Level 1.9(6.9) Stealth
 + Level 7.9(12.9) Shields
 - Level 9.0 Invocations


You had 15 spell levels left.
You didn't know any spells.
Your spell library contained the following spells:

 Spells                   Type           Power      Damage    Failure   Level
 Sandblast                Erth           0%         2d4       91%         1
 Sting                    Tmut/Pois      0%         1d3       91%         1
 Blink                    Tloc           0%         N/A       97%         2
 Ensorcelled Hibernation  Hex/Ice        0%         N/A       97%         2
 Lesser Beckoning         Tloc           0%         N/A       97%         2
 Momentum Strike          Conj/Tloc      0%         3d8       97%         2
 Passwall                 Tmut/Erth      0%         N/A       97%         2
 Poisonous Vapours        Pois/Air       0%         N/A       97%         2
 Sublimation of Blood     Necr           0%         N/A       97%         2
 Inner Flame              Hex/Fire       0%         N/A       99%         3
 Sigil of Binding         Hex            0%         N/A       99%         3
 Stone Arrow              Conj/Erth      0%         3d7       99%         3
 Swiftness                Air            0%         N/A       99%         3
 Brom's Barrelling Bould  Conj/Erth      0%         2d3       100%        4
 Dimensional Bullseye     Hex/Tloc       0%         N/A       100%        4
 Iskenderun's Mystic Bla  Conj/Tloc      0%         2d3       100%        4
 Leda's Liquefaction      Hex/Erth       0%         N/A       100%        4
 Olgreb's Toxic Radiance  Pois           0%         N/A       100%        4
 Passage of Golubria      Tloc           0%         N/A       100%        4
 Petrify                  Tmut/Erth      0%         N/A       100%        4
 Sticky Flame             Conj/Fire      0%         2d3       100%        4
 Irradiate                Conj/Tmut      0%         3d11      100%        5
 Iskenderun's Battlesphe  Conj           0%         2d6       100%        5
 Yara's Violent Unravell  Hex/Tmut       0%         3d3       100%        5
 Borgnjor's Revivificati  Necr           0%         N/A       100%        8
 Call Canine Familiar     Summ           Unusable   N/A       N/A         3
 Tukima's Dance           Hex            Unusable   N/A       N/A         3
 Summon Ice Beast         Ice/Summ       Unusable   N/A       N/A         4
 Summon Forest            Summ/Tloc      Unusable   N/A       N/A         5
 Malign Gateway           Summ/Tloc      Unusable   N/A       N/A         7
 Summon Horrible Things   Summ           Unusable   N/A       N/A         8

Dungeon Overview and Level Annotations

Branches:
Dungeon (15/15)            Temple (1/1) D:6            Lair (5/5) D:11
 Shoals (1/4) Lair:3       Spider (0/4) Lair:2        Slime (0/5) Lair:5
    Orc (2/2) D:11            Elf (0/3) Orc:2        Vaults (0/5) D:13
 Depths (0/4) D:15        Volcano (visited)         Gauntlet (visited)

Altars:
Ashenzari
Cheibriados
Dithmenos
Elyvilon
Fedhas
Gozag
Hepliaklqana
Kikubaaqudgha
Makhleb
Nemelex Xobeh
Okawaru
Qazlal
Ru
Sif Muna
Trog
Uskayaw
Vehumet
Wu Jian
Xom
Yredelemnul
Zin
The Shining One
Jiyva

Shops:
D:1 ?   D:4 *   D:6 (*   D:10 *   Orc:2 *?[*

Annotations:
D:9 2 transporters, exclusion: oklob plant, tinfoiltophat's ghost, journeyman DjFE
Lair:1 exclusion: oklob plant
Lair:5 1 runed translucent door


Innate Abilities, Weirdness & Mutations

You are too large for most types of armour.
You have tough skin. (AC +1)


Message History

You resist with some effort. You block the water elemental's attack.
The water elemental hits you. The merfolk misses you. The sea snake bites you!
* * * LOW HITPOINT WARNING * * *
You feel much better.
* * * LOW HITPOINT WARNING * * *
Your lungs strain for air!
You feel extremely sick.
The merfolk siren chants a haunting song.
You resist with almost no effort. You block the water elemental's attack.
The water elemental hits you. You block the sea snake's attack.
The merfolk barely misses you.
Okay, then.
Press: ? - help, v - describe, . - travel The floor, spattered with blood.
You feel much better.
* * * LOW HITPOINT WARNING * * *
Your lungs strain for air!
You feel very sick. The water elemental closely misses you.
The sea snake bites you!
* * * LOW HITPOINT WARNING * * *
The water elemental hits you.
The merfolk hits you from afar with a +0 trident!
* * * LOW HITPOINT WARNING * * *
Okay, then.
You feel better.
* * * LOW HITPOINT WARNING * * *
Your lungs strain for air!
The sea snake barely misses you.
The merfolk siren chants a haunting song.
You are mesmerised by the merfolk siren!
You block the water elemental's attack. x2; You block the merfolk's attack.
You block the sea snake's attack.
Throw: 11 javelins (silver)
Press: ? - help, Shift-Dir - straight line You throw a silver javelin.
The silver javelin pierces through the water elemental!!!
You destroy the water elemental!
Okawaru accepts your kill.
The silver javelin pierces through the merfolk but does no damage.
The merfolk is lightly wounded.
You die...

≈≈≈≈~~......~~≈≈≈≈≈≈
≈≈≈≈~~~.....~~~≈≈≈≈≈≈~.~
≈≈≈~~~~..##...~≈≈≈~≈≈~~.
≈~~~~~...##...~≈~~.≈≈≈≈~
~~~~~....#.....~.~~≈≈≈≈≈
~~......###....~~≈~~≈~~~
~~.......# #..#.~≈≈~...~~
~~~......###E...~~(.....~
~~~~~.......#@..m~~.)....~(
~~~....##..###Sm.~~~#....~~
~~~....##..# #...~........~
..>~.......# #..~~~~(.....~
...........# #..~~~~.m##...
≈~P≈P...#.## #..~~~~..# ..
#≈P~....####..~~~..... .
###≈~<....##..~~~....#
##~≈..†##....~~...##


You could see a sea snake (extremely poisoned), a merfolk, a water elemental and
a merfolk siren (mesmerising).

Vanquished Creatures
  Rupert (Orc:2)
  Gastronok (D:10)
  Kirke (D:14)
  Agnes (D:14)
  Louise (D:14)
  A minotaur (Gauntlet)
  An ettin (Orc:1)
  Fannar (D:11)
  A fire dragon (Volcano)
  4 hydras
  2 centaur warriors
  A catoblepas (D:15)
  Erolcha (D:11)
  5 two-headed ogres
  A merfolk aquamancer (Shoals:1)
  3 boulder beetles
  3 death knights
  A merfolk avatar (Lair:5)
  7 death yaks
  A death scarab (Gauntlet)
  A hell hog (Volcano)
  2 tengu warriors (D:13)
  A deep troll earth mage (D:15)
  An orc high priest (Orc:2)
  Sonja (D:10)
  A fire crab (Gauntlet)
  7 skysharks
  7 skeletal warriors
  A pharaoh ant (Lair:2)
  2 sea snakes
  A wizard (D:13)
  3 phantasmal warriors
  Pikel (D:4)
  4 harpies
  An orc knight (Orc:1)
  A harpy (shapeshifter) (D:15)
  12 ugly things
  4 orc sorcerers (Orc:2)
  2 cyclopes (D:15)
  9 manticores
  2 deep elf pyromancers (D:13)
  25 elephants
  9 black mambas
  2 molten gargoyles (Volcano)
  3 torpor snails
  9 cane toads
  An unseen horror (D:10)
  4 freezing wraiths
  9 komodo dragons
  7 rime drakes
  An efreet (D:15)
  2 tengu conjurers
  8 trolls
  3 polar bears
  3 meliai (D:13)
  2 wind drakes
  A hornet (D:9)
  9 blink frogs
  A snapping turtle (Lair:5)
  The ghost of hattop the Grave Robber, an amateur DsNe (D:4)
  12 dream sheep
  13 flying skulls (Gauntlet)
  3 water elementals (Shoals:1)
  Sigmund (D:2)
  A jumping spider (Lair:2)
  11 slime creatures
  3 shadows
  7 wraiths
  7 wyverns
  17 yaks
  3 humans (D:14)
  2 vampires
  8 basilisks
  13 fire bats
  Eustachio (D:6)
  3 steam dragons
  A spectral fire crab (Gauntlet)
  14 vampire mosquitoes
  3 redbacks (Lair:2)
  Edmund (D:4)
  5 wargs
  Menkaure (D:4)
  23 water moccasins
  An acid dragon (D:10)
  A hell hound (Volcano)
  2 floating eyes (shapeshifter)
  14 orc warriors
  4 black bears
  A black bear (shapeshifter) (D:15)
  2 ice beasts
  3 ogres
  7 wolves (Lair:1)
  3 centaurs
  2 kobold brigands
  A lemure (D:4)
  2 phantoms (D:5)
  12 bullfrogs
  2 gnoll sergeants
  6 scorpions
  3 water moccasin zombies (D:5)
  6 wights
  9 killer bees
  6 electric eels
  6 howler monkeys
  5 lava snakes (Volcano)
  4 centaur zombies
  A jelly (D:8)
  3 bullfrog zombies
  3 gnoll boudas
  Crazy Yiuf (D:6)
  21 orc priests
  7 hounds
  A bullfrog skeleton (D:5)
  4 iguanas
  Natasha (thrice) (D:4)
  30 orc wizards
  7 hell rats (Lair:4)
  A hound zombie (D:5)
  A howler monkey zombie (D:5)
  22 gnolls
  12 adders
  A shadow imp (D:7)
  A white imp (D:6)
  An ufetubus (D:5)
  3 worms
  41 orcs
  8 bats
  7 endoplasms
  3 giant cockroaches
  5 goblins
  5 hobgoblins
  4 jackals (D:5)
  5 quokkas
  7 ball pythons
  2 frilled lizards (D:2)
  12 kobolds
  3 rats (D:1)
682 creatures vanquished.

Vanquished Creatures (others)
  A skyshark (Shoals:1)
  A swamp drake (shapeshifter) (D:15)
2 creatures vanquished.

Grand Total: 684 creatures vanquished

Notes
Turn   | Place    | Note
-------+----------+-------------------------------------------
     0 | D:1      | questionabletactics the Ogre Gladiator began the quest for
                  | the Orb.
     0 | D:1      | Reached XP level 1. HP: 22/22 MP: 1/1
   153 | D:1      | Found Likibopupte's Magic Scroll Shop.
   212 | D:1      | Reached skill level 1 in Stealth
   248 | D:1      | Reached XP level 2. HP: 29/29 MP: 2/2
   961 | D:2      | Reached XP level 3. HP: 25/36 MP: 3/3
  1293 | D:2      | Reached XP level 4. HP: 36/44 MP: 4/4
  1669 | D:2      | Noticed Sigmund
  2393 | D:3      | Found a bloodstained altar of Trog.
  2394 | D:3      | Found a stormy altar of Qazlal.
  2394 | D:3      | Found a glowing silver altar of Zin.
  2395 | D:3      | Found an opulent altar of Gozag.
  2396 | D:3      | Found an ancient bone altar of Kikubaaqudgha.
  2396 | D:3      | Found a sacrificial altar of Ru.
  2397 | D:3      | Found a shadowy altar of Dithmenos.
  2398 | D:3      | Found a glowing golden altar of the Shining One.
  2398 | D:3      | Found a hide-covered altar of Uskayaw.
  2399 | D:3      | Found a radiant altar of Vehumet.
  2409 | D:3      | Became a worshipper of Ru the Awakened
  2681 | D:3      | Reached XP level 5. HP: 53/53 MP: 5/5
  2967 | D:4      | Noticed a lemure
  2967 | D:4      | Noticed a lemure
  3059 | D:4      | Reached skill level 5 in Polearms
  3165 | D:4      | Found Yrabotwe's Overcharged Wands.
  3183 | D:4      | Found a transporter.
  3187 | D:4      | Noticed Menkaure
  3446 | D:1      | Bought 3 scrolls of teleportation for 99 gold pieces
  3652 | D:4      | Killed Menkaure
  3653 | D:4      | Reached skill level 5 in Fighting
  3653 | D:4      | Reached XP level 6. HP: 66/66 MP: 6/6
  3776 | D:4      | Noticed Natasha
  3872 | D:4      | Killed Natasha
  3890 | D:4      | Noticed Natasha
  3895 | D:4      | Killed Natasha
  3910 | D:4      | Reached XP level 7. HP: 31/72 MP: 7/7
  3957 | D:4      | Noticed Natasha
  4007 | D:4      | Killed Natasha
  4260 | D:4      | Noticed Pikel
  4299 | D:4      | Noticed Edmund
  4352 | D:4      | Found a transporter.
  4382 | D:4      | Reached skill level 3 in Throwing
  4554 | D:5      | Entered Level 5 of the Dungeon
  4763 | D:5      | Reached skill level 4 in Throwing
  4855 | D:5      | Reached XP level 8. HP: 76/80 MP: 8/8
  5066 | D:5      | Reached skill level 5 in Throwing
  5708 | D:5      | Reached skill level 6 in Throwing
  5875 | D:5      | Reached XP level 9. HP: 82/89 MP: 9/9
  6165 | D:6      | Found a runed translucent door.
  6166 | D:6      | Noticed Crazy Yiuf
  6222 | D:6      | Found a staircase to the Ecumenical Temple.
  6234 | Temple   | Entered the Ecumenical Temple
  6282 | Temple   | Fell from the grace of Ru
  6282 | Temple   | Became a worshipper of Warmaster Okawaru
  6323 | D:6      | Reached skill level 7 in Throwing
  6336 | D:6      | Found an ornate altar of the Wu Jian Council.
  6797 | D:6      | Found a white marble altar of Elyvilon.
  6851 | D:6      | Noticed Eustachio
  7749 | D:7      | Reached * piety under Okawaru
  7955 | D:7      | Reached skill level 8 in Throwing
  7955 | D:7      | Reached skill level 1 in Invocations
  8945 | D:8      | Reached XP level 10. HP: 99/104 MP: 12/12
 10243 | D:9      | Found a transporter.
 10340 | D:9      | Reached ** piety under Okawaru
 10532 | D:9      | Reached skill level 5 in Dodging
 10589 | D:9      | Noticed tinfoiltophat's ghost (journeyman DjFE)
 10592 | D:9      | Found a transporter.
 10592 | D:9      | Noticed an oklob plant
 10598 | D:9      | Noticed a two-headed ogre
 10793 | D:9      | Reached skill level 10 in Polearms
 10873 | D:9      | Noticed a two-headed ogre
 10920 | D:9      | Killed a two-headed ogre
 10920 | D:9      | Reached *** piety under Okawaru
 11123 | D:10     | Entered Level 10 of the Dungeon
 11140 | D:10     | Noticed Gastronok
 11419 | D:10     | Reached skill level 9 in Throwing
 11818 | D:10     | Killed Gastronok
 11819 | D:10     | Reached XP level 11. HP: 111/111 MP: 14/14
 11863 | D:10     | Found Etyavvis's Assorted Antiques.
 11907 | D:10     | Found a blossoming altar of Fedhas.
 11982 | D:10     | Noticed Sonja
 12012 | D:10     | Reached **** piety under Okawaru
 12166 | D:9      | Reached skill level 10 in Throwing
 13000 | D:11     | Noticed a two-headed ogre
 13114 | D:10     | Killed Sonja
 13443 | D:11     | Noticed Erolcha
 13488 | D:11     | Found a staircase to the Lair.
 13495 | D:11     | Noticed a boulder beetle
 13538 | D:11     | Killed a boulder beetle
 13733 | Lair:1   | Entered Level 1 of the Lair of Beasts
 13776 | Lair:1   | Reached ***** piety under Okawaru
 13780 | Lair:1   | Reached skill level 10 in Fighting
 13812 | Lair:1   | Reached skill level 11 in Throwing
 13907 | Lair:1   | Reached skill level 1 in Armour
 14049 | Lair:1   | Received a gift from Okawaru
 14131 | Lair:1   | Noticed an oklob plant
 14306 | Lair:1   | You fall into a shaft and drop 1 floor!
 14369 | Lair:2   | Found a dark tunnel.
 14378 | Volcano  | Entered a volcano
 14518 | Volcano  | Reached XP level 12. HP: 87/126 MP: 15/15
 14708 | Volcano  | Found a bloodstained altar of Trog.
 14708 | Volcano  | Noticed a hell hog
 14714 | Volcano  | Reached skill level 5 in Invocations
 14717 | Volcano  | Killed a hell hog
 14755 | Volcano  | Noticed a fire dragon
 14776 | Volcano  | Reached skill level 12 in Throwing
 14859 | Volcano  | Killed a fire dragon
 14972 | Lair:1   | Identified the +5 falchion of the Dead {freeze, rF- rN++}
 15027 | Lair:1   | Received a gift from Okawaru
 15696 | Lair:2   | Reached skill level 13 in Throwing
 15753 | Lair:2   | Noticed a skyshark
 15771 | Lair:2   | Killed a skyshark
 15809 | Lair:2   | Found a hole to the Spider Nest.
 15820 | Lair:2   | Received a gift from Okawaru
 15875 | Lair:2   | Noticed a skyshark
 15884 | Lair:2   | Killed a skyshark
 15991 | Lair:2   | Reached XP level 13. HP: 129/133 MP: 18/18
 16217 | Lair:2   | Reached skill level 5 in Armour
 16839 | Lair:3   | Received a gift from Okawaru
 16894 | Lair:3   | Reached skill level 14 in Throwing
 17292 | Lair:3   | Received a gift from Okawaru
 17344 | Lair:3   | Found a staircase to the Shoals.
 17876 | Lair:4   | Found a gate leading to a gauntlet.
 17896 | Gauntlet | Entered a Gauntlet
 17896 | Gauntlet | Found a transporter.
 17896 | Gauntlet | Found a transporter.
 17896 | Gauntlet | Found a transporter.
 17897 | Gauntlet | Found a transporter.
 17900 | Gauntlet | Found a transporter.
 17900 | Gauntlet | Found a transporter.
 17910 | Gauntlet | Found a transporter.
 17910 | Gauntlet | Found a transporter.
 17914 | Gauntlet | Found a transporter.
 17917 | Gauntlet | Noticed an entropy weaver
 17924 | Gauntlet | Found a transporter.
 18031 | Gauntlet | Found a transporter.
 18043 | Gauntlet | Found a transporter.
 18372 | Gauntlet | Reached skill level 15 in Throwing
 18444 | Gauntlet | Identified the ring of Dutheudgh {rF+ rC+ rN+ Int+3 Slay+3}
 18494 | Gauntlet | Identified the +0 scale mail of Lets {Rampage rPois SInv}
 18494 | Gauntlet | Noticed a minotaur
 18508 | Gauntlet | Killed a minotaur
 18528 | Gauntlet | Identified the +1 chain mail of the Game of Life {rF++
                  | Str-2 Slay+2}
 18529 | Gauntlet | Got a gaudy book
 18574 | Lair:4   | Reached XP level 14. HP: 139/149 MP: 19/19
 19064 | Lair:4   | Received a gift from Okawaru
 19803 | Lair:5   | Entered Level 5 of the Lair of Beasts
 20249 | Lair:4   | Received a gift from Okawaru
 21695 | Lair:5   | Received a gift from Okawaru
 21696 | Lair:5   | Reached XP level 15. HP: 140/156 MP: 20/20
 21752 | Lair:5   | Identified the ring "Zoafanty" {Wiz rF+}
 21759 | Lair:5   | Identified the staff of Imminent Death {rElec rF+ rN+ Air}
 21930 | Lair:5   | Found a runed translucent door.
 21930 | Lair:5   | Found a viscous altar of Jiyva.
 21931 | Lair:5   | Found a staircase to the Slime Pits.
 21931 | Lair:5   | Noticed an azure jelly
 21931 | Lair:5   | Noticed an azure jelly
 22403 | D:6      | Killed Crazy Yiuf
 22482 | D:6      | Killed Eustachio
 22565 | D:6      | Found Acuogut's Assorted Antiques.
 22569 | D:6      | Found Erphimud's Antique Weapon Shoppe.
 22613 | D:6      | Bought a bound copper amulet for 145 gold pieces
 22613 | D:6      | Identified the amulet of Abel {Acrobat rF+} (You bought it
                  | in a shop on level 6 of the Dungeon)
 22826 | D:4      | Noticed hattop's ghost (amateur DsNe)
 22848 | D:4      | Killed Pikel
 22903 | D:4      | Killed Edmund
 23023 | D:4      | Killed hattop's ghost
 23181 | D:2      | Killed Sigmund
 23338 | D:8      | Reached skill level 10 in Armour
 23565 | D:11     | Found a staircase to the Orcish Mines.
 23634 | D:11     | Noticed Fannar
 23739 | D:11     | Reached skill level 10 in Dodging
 24726 | Orc:1    | Entered Level 1 of the Orcish Mines
 24843 | Orc:2    | Entered Level 2 of the Orcish Mines
 24994 | Orc:2    | Noticed Rupert
 25007 | Orc:2    | Killed Rupert
 25007 | Orc:2    | Received a gift from Okawaru
 25589 | Orc:2    | Found a staircase to the Elven Halls.
 25844 | Orc:2    | Found Redoy's Magic Scroll Boutique.
 25844 | Orc:2    | Found Zegelo's Assorted Antiques.
 25845 | Orc:2    | Found Loqaum Fefib's Armour Shop.
 25849 | Orc:2    | Found Efaufeats's General Store.
 25861 | Orc:2    | Bought a scroll labelled DAPOEJ TOMEA for 37 gold pieces
 26418 | Orc:2    | Bought +2 storm dragon scales for 1104 gold pieces
 26434 | Orc:2    | Bought a potion of heal wounds for 70 gold pieces
 26435 | Orc:2    | Bought a scroll of blinking for 112 gold pieces
 26435 | Orc:2    | Bought a scroll of blinking for 112 gold pieces
 26709 | D:13     | Received a gift from Okawaru
 26884 | D:13     | Found a gate to the Vaults.
 26926 | D:13     | Got a graven book
 26965 | D:13     | Reached skill level 1 in Shields
 27787 | D:14     | Noticed Louise
 27811 | D:14     | Killed Louise
 27915 | D:14     | Paralysed by a floating eye for 2 turns
 28199 | D:14     | Noticed Kirke
 28218 | D:14     | Received a gift from Okawaru
 28231 | D:14     | Noticed a sphinx
 28231 | D:14     | Killed Kirke
 28265 | D:14     | Noticed Agnes
 28268 | D:14     | Killed Agnes
 28301 | D:14     | Reached XP level 16. HP: 157/167 MP: 22/22
 28419 | D:14     | Reached skill level 5 in Shields
 28875 | D:15     | Entered Level 15 of the Dungeon
 28974 | D:15     | Received a gift from Okawaru
 29258 | D:15     | Identified a scroll of acquirement
 29259 | D:15     | Acquired a manual of Throwing
 29460 | D:15     | Found a sparkling altar of Nemelex Xobeh.
 29710 | D:15     | Found a staircase to the Depths.
 30031 | D:11     | Killed Erolcha
 30097 | D:11     | Killed Fannar
 30097 | D:11     | Received a gift from Okawaru
 30242 | Shoals:1 | Entered Level 1 of the Shoals
 30252 | Lair:3   | Reached skill level 16 in Throwing
 30368 | Shoals:1 | HP: 6/167 [drowned by a water elemental[a merfolk
                  | aquamancer] (10)]
 30369 | Shoals:1 | Drowned by a water elemental

Illustrated notes

Levels and vault maps discovered:
D:1:      kennysheep_arrival_seaside, layout_basic, serial_shops,
          nicolae_shop_window_shopping
D:2:      layout_loops_ring, uniq_sigmund
D:3:      layout_loops_corners, nicolae_overflows_in_rows
D:4:      layout_loops_ring, gammafunk_ghost_mausoleum,
          nicolae_shop_overcharged_wands, uniq_edmund, uniq_natasha, uniq_pikel,
          uniq_menkaure
D:5:      layout_loops_corners, serial_undead, serial_undead_f, serial_undead_b,
          serial_undead_d, serial_undead_e, serial_undead_e,
          kennysheep_generic_room_6
D:6:      layout_basic, nzn_wu_jian_contemplation, kennysheep_little_box,
          minmay_temple_entry_junction, columned_hall_lemuel,
          palyth_stone_intersect, nicolae_wooded_promenade,
          dreamdust_gnoll_farm, uniq_crazy_yiuf_cottage, uniq_eustachio
D:7:      layout_basic, kennysheep_generic_room_2
D:8:      layout_layer_cave
D:9:      layout_loops_ring, nzn_ghost_randoct
D:10:     minmay_general_purpose_star, layout_long_grid, fedhas_altar_4,
          serial_shops, shop, uniq_gastronok, uniq_sonja
D:11:     nicolae_BIG_FREAKIN_CUBE, layout_stronghold,
          erik_lair_orcish_takeover, orc_0_dummy, uniq_erolcha, uniq_fannar
D:12:     layout_basic
D:13:     layout_gridville, david_vaults_1
D:14:     layout_rooms, minmay_strange_pillars, hangedman_decor_growths,
          uniq_kirke, uniq_louise, uniq_agnes
D:15:     hellmonk_depths_entry_around_the_bend, layout_cave_pools,
          nemelex_spade_bored_becter
Temple:   nicolae_temple_figure_zero
Lair:1:   layout_chaotic_city, pdpol_lair_cavern_descent,
          infiniplex_staircase_pool, lemuel_fruit_fields
Lair:2:   layout_long_grid, nicolae_spider_entry_lesser_pyramids,
          enter_volcano_2
Lair:3:   layout_regular_city, nicolae_shoals_entry_roost, serial_bayou,
          serial_bayou_pond_b, serial_bayou_pond_e, serial_bayou_shore_a,
          serial_bayou_ford_a, serial_bayou_pond_d, infiniplex_staircase_pool_2
Lair:4:   layout_roguey, gauntlet_entry_generic
Lair:5:   gammafunk_lair_ancient_temple, layout_gridlike, slime_entry_2
Shoals:1: layout_shoals, st_shoals_ruin
Orc:1:    layout_caves
Orc:2:    st_orc_mages, layout_caves, uniq_rupert

Skill      XL: |  1  2  3  4  5  6  7  8  9 10 11 12 13 14 15 16 |
---------------+-------------------------------------------------+-----
Stealth        | 1 |  1.9
Polearms       | 4 5 7 8 11 12 | 12.8
Fighting       | 3 5 6 8 10 12 | 12.5
Throwing       | 4 6 8 9 11 13 15 16 | 16.2
Dodging        | 3 5 6 9 10 | 10.0
Invocations    | 3 4 7 8 9 |  9.0
Armour         | 2 4 6 9 10 | 10.7
Shields        | 4 7 |  7.9

Action                     |  1- 3 |  4- 6 |  7- 9 | 10-12 | 13-15 | 16-18 || total
---------------------------+-------+-------+-------+-------+-------+-------++-------
  Melee: Trident           |   120 |   131 |   132 |       |    27 |   145 ||   555
         Punch             |       |     3 |     3 |    19 |    61 |       ||    86
         Spear             |       |       |   198 |   729 |  2286 |   300 ||  3513
         Halberd           |       |       |       |       |    40 |       ||    40
         Glaive            |       |       |       |       |    30 |       ||    30
  Throw: Large rock        |     1 |     2 |     2 |    32 |   114 |    49 ||   200
         Throwing net      |       |     2 |     3 |       |       |       ||     5
         Dart              |       |       |    33 |    32 |    29 |     4 ||    98
         Boomerang         |       |       |     2 |    43 |     4 |       ||    49
         Javelin           |       |       |       |     5 |    15 |     4 ||    24
 Invoke: Heroism           |       |       |     1 |    10 |    18 |     3 ||    32
         Finesse           |       |       |       |       |     1 |       ||     1
  Evoke: Wand              |       |       |     1 |     2 |     8 |       ||    11
         Phial of floods   |       |       |       |       |     1 |       ||     1
    Use: Scroll            |       |     3 |     2 |    20 |     8 |     4 ||    37
         Potion            |       |     1 |     1 |     7 |     8 |     6 ||    23
   Stab: Sleeping          |     4 |     4 |     1 |     2 |     2 |       ||    13
         Distracted        |       |     1 |     1 |     1 |       |       ||     3
         Paralysed         |       |       |       |     3 |    17 |       ||    20
         Invisible         |       |       |       |     3 |       |       ||     3
 Armour: Robe              |    61 |    73 |   113 |   107 |       |       ||   354
         Troll leather arm |       |       |       |   200 |   904 |       ||  1104
         Storm dragon scal |       |       |       |       |   271 |   240 ||   511
  Dodge: Dodged            |    52 |    70 |   165 |   384 |  1331 |   166 ||  2168
  Block: Kite shield       |       |       |       |       |    97 |   176 ||   273

Table legend: (Time is in decaauts)
 A = Elapsed time spent in this place.
 B = Non-inter-level travel time spent in this place.
 C = Inter-level travel time spent in this place.
 D = Time resting spent in this place.
 E = Time spent auto-exploring this place.
 F = Levels seen in this place.
 G = Mean time per level.
                   A        B        C        D        E       F      G
               +--------+--------+--------+--------+--------+-----+--------+
         Total |  28895 |  26714 |   2181 |   4121 |  13707 |  26 | 1111.3 |
       Dungeon |  19401 |  17952 |   1449 |   3171 |   9653 |  15 | 1293.4 |
        Temple |     58 |     49 |      9 |      0 |      0 |   1 |   58.0 |
          Lair |   6648 |   6092 |    556 |    531 |   3093 |   5 | 1329.6 |
        Shoals |    105 |    105 |      0 |      9 |     29 |   1 |  105.0 |
  Orcish Mines |   1591 |   1425 |    166 |    220 |    704 |   2 |  795.5 |
       Volcano |    477 |    477 |      0 |     45 |     82 |   1 |  477.0 |
      Gauntlet |    613 |    613 |      0 |    144 |    146 |   1 |  613.0 |
               +--------+--------+--------+--------+--------+-----+--------+

Top non-repeatable levels by time:
  Lair:4: 1924 daAuts
    D:10: 1753 daAuts
     D:8: 1706 daAuts
     D:5: 1610 daAuts
     D:3: 1592 daAuts
     D:6: 1449 daAuts
    D:11: 1410 daAuts
     D:7: 1390 daAuts
     D:4: 1341 daAuts
  Lair:5: 1288 daAuts
  Lair:3: 1266 daAuts
    D:13: 1258 daAuts
     D:9: 1224 daAuts
  Lair:1: 1202 daAuts
     D:2: 1135 daAuts
